 Dungeon Crawl Stone Soup version 0.27-a0-906-g0a00ce863d (webtiles) character file.

Game seed: 13013620536799248320

44349 DarkShadow the Severer (level 13, -3/119 HPs)
             Began as a Minotaur Fighter on Apr 7, 2021.
             Slain by a 17-headed hydra (9 damage)
             ... on level 14 of the Dungeon.
             The game lasted 00:51:36 (16659 turns).

DarkShadow the Severer (Minotaur Fighter)          Turns: 16659, Time: 00:51:37

Health: -3/119     AC: 19    Str: 23    XL:     13   Next: 95%
Magic:  0/17       EV: 16    Int:  3    God:
Gold:   997        SH: 14    Dex: 13    Spells: 12/12 levels left

rFire    . . .     SeeInvis .   a - +2 war axe
rCold    + . .     Faith    .   c - +1 kite shield
rNeg     + + .     Spirit   +   A - +4 moon troll leather armour {Spirit, Regen++ MP+5}
rPois    +         Reflect  .   (helmet restricted)
rElec    +         Harm     .   z - +2 cloak {Will+}
rCorr    .         Rampage  .   e - +2 pair of gloves
Will     +....                  h - +2 pair of boots {Stlth+}
Stlth    +++.......             t - amulet "Taexaraf" {+Blink Fly rN++ Regen+ Int-2}
HPRegen  3.29/turn              F - ring "Aficacs" {Ice Fly rElec rPois}
MPRegen  0.15/turn              D - ring of protection from fire

@: flying, studying Invocations
A: horns 2, retaliatory headbutt
a: Evoke Blink


You were on level 14 of the Dungeon.
You visited 2 branches of the dungeon, and saw 15 of its levels.

You collected 1233 gold pieces.
You spent 236 gold pieces at shops.

Inventory:

Hand Weapons
 a - a +2 war axe (weapon)
 d - a +0 club
 L - a +2 war axe of venom
Missiles
 x - 8 curare-tipped darts (quivered)
 B - 5 atropa-tipped darts
 J - 2 throwing nets
Armour
 b - a +0 scale mail
 c - a +1 kite shield (worn)
 e - a +2 pair of gloves (worn)
 h - a +2 pair of boots of stealth (worn)
 p - +1 acid dragon scales
 w - +0 swamp dragon scales
 z - a +2 cloak of willpower (worn)
 A - the +4 moon troll leather armour (worn) {Spirit, Regen++ MP+5}
   (You found it on level 8 of the Dungeon)

   It affects your magic capacity (+5).
   It increases your rate of health regeneration.
Jewellery
 t - the amulet "Taexaraf" (around neck) {+Blink Fly rN++ Regen+ Int-2}
   (You acquired it on level 6 of the Dungeon)

   [amulet of regeneration]

   It affects your intelligence (-2).
   It greatly protects you from negative energy.
   It grants you flight.
   It lets you blink.
   It increases your rate of health regeneration.
 v - a ring of positive energy
 D - a ring of protection from fire (right hand)
 F - the ring "Aficacs" (left hand) {Ice Fly rElec rPois}
   (You found it on level 8 of the Dungeon)

   [ring of ice]

   It enhances your ice magic.
   It makes you vulnerable to fire.
   It protects you from cold.
   It insulates you from electricity.
   It protects you from poison.
   It grants you flight.
 Q - a ring of wizardry
Wands
 j - a wand of paralysis (16)
 o - a wand of flame (37)
 q - a wand of random effects (50)
 y - a wand of polymorph (4)
 E - a wand of digging (5)
 M - a wand of acid (10)
 R - a wand of iceblast (5)
Scrolls
 f - 4 scrolls of magic mapping
 l - 4 scrolls of teleportation
 H - 2 scrolls of amnesia
 N - a scroll of brand weapon {unknown}
 O - a scroll of identify
Potions
 g - 4 potions of brilliance
 i - 2 potions of lignification {unknown}
 k - a potion of ambrosia {unknown}
 m - 5 potions of haste {unknown}
 n - 5 potions of heal wounds {unknown}
 r - 3 potions of degeneration {unknown}
 s - 6 potions of curing
 u - 7 potions of flight
 C - a potion of cancellation {unknown}
 G - 2 potions of mutation {unknown}
 I - a potion of berserk rage {unknown}
 K - a potion of resistance {unknown}
 P - a potion of magic {unknown}


   Skills:
 + Level 12.5 Fighting
 + Level 16.6 Axes
 + Level 9.1 Armour
 + Level 10.4 Dodging
 + Level 3.7 Stealth
 + Level 13.6 Shields
 + Level 0.1 Evocations


You had 12 spell levels left.
You didn't know any spells.
Your spell library contained the following spells:

 Spells                   Type           Power      Damage    Failure   Level
 Beastly Appendage        Tmut           0%         N/A       63%         1
 Foxfire                  Conj/Fire      0%         2x1d4     63%         1
 Freeze                   Ice            0%         1d3       63%         1
 Summon Small Mammal      Summ           0%         N/A       63%         1
 Blink                    Tloc           N/A        N/A       77%         2
 Wereblood                Tmut           0%         N/A       77%         2
 Conjure Flame            Conj/Fire      0%         6-21      94%         3
 Inner Flame              Hex/Fire       0%         N/A       94%         3
 Spider Form              Tmut/Pois      0%         N/A       94%         3
 Hailstorm                Conj/Ice       0%         3d3       100%        4
 Ice Form                 Ice/Tmut       0%         N/A       100%        4
 Sticky Flame             Conj/Fire      0%         2d3       100%        4
 Summon Ice Beast         Ice/Summ       0%         N/A       100%        4
 Fireball                 Conj/Fire      0%         3d3       100%        5
 Hydra Form               Tmut           0%         N/A       100%        5
 Summon Mana Viper        Hex/Summ       0%         N/A       100%        5
 Iron Shot                Conj/Erth      0%         9d1       100%        6
 Disjunction              Tloc           0%         N/A       100%        8
 Shatter                  Erth           0%         3d5*      100%        9


Dungeon Overview and Level Annotations

Branches:
Dungeon (14/15)            Temple (1/1) D:6            Lair (0/6) D:8
    Orc (0/2) D:9
 Vaults: D:13-14

Altars:
Ashenzari
Cheibriados
Dithmenos
Elyvilon
Fedhas
Gozag
Hepliaklqana
Kikubaaqudgha
Makhleb
Nemelex Xobeh
Qazlal
Ru
Sif Muna
Trog
Uskayaw
Vehumet
Wu Jian
Xom
Yredelemnul
Zin
The Shining One
Beogh
Jiyva

Shops:
D:2 [   D:8 (


Innate Abilities, Weirdness & Mutations

You have a pair of horns on your head.
You reflexively headbutt those who attack you in melee.


Message History

* * * LOW HITPOINT WARNING * * *
The 16-headed hydra bites you but does no damage.
You block the 16-headed hydra's attack.
The 16-headed hydra bites you but does no damage. x3
The 16-headed hydra barely misses you. x2; The 16-headed hydra misses you.
The 16-headed hydra bites you but does no damage.
The 16-headed hydra closely misses you.
You slice one of the 16-headed hydra's heads off!
The 15-headed hydra grows two more!
You hit the 17-headed hydra.
The 17-headed hydra is heavily wounded.
The 17-headed hydra completely misses you.
The 17-headed hydra bites you but does no damage.
The 17-headed hydra misses you. You block the 17-headed hydra's attack.
The 17-headed hydra bites you but does no damage.
You block the 17-headed hydra's attack. The 17-headed hydra bites you!
* * * LOW HITPOINT WARNING * * *
The 17-headed hydra bites you but does no damage.
The 17-headed hydra closely misses you.
The 17-headed hydra bites you but does no damage.
You block the 17-headed hydra's attack. The 17-headed hydra barely misses you.
The 17-headed hydra bites you but does no damage.
The 17-headed hydra closely misses you. You block the 17-headed hydra's attack.
The 17-headed hydra bites you.
* * * LOW HITPOINT WARNING * * *
The 17-headed hydra bites you!
* * * LOW HITPOINT WARNING * * *
You block the 17-headed hydra's attack. The 17-headed hydra bites you.
* * * LOW HITPOINT WARNING * * *
The 17-headed hydra bites you but does no damage. x3
You block the 17-headed hydra's attack. The 17-headed hydra closely misses you.
The 17-headed hydra completely misses you.
The 17-headed hydra bites you.
* * * LOW HITPOINT WARNING * * *
The 17-headed hydra bites you but does no damage.
The 17-headed hydra bites you.
* * * LOW HITPOINT WARNING * * *
The 17-headed hydra bites you but does no damage.
The 17-headed hydra barely misses you. You block the 17-headed hydra's attack.
The 17-headed hydra bites you!
You die...

#..#.###...###..#
######..#)...........#
#.......))..#...###.##
#.###..####.##)## #.#
#..# #.##.####.#
..##..# #.##..<...#
#.#..# ##.##.######
#....###...#)#
##.###..@.........#
#......D.#.##...###
.......#.##.###.##
##....##.##.# #. ####.
#.##.# # #. #.##.# #
...... #.##...
#.######


You could see a 17-headed hydra.

Vanquished Creatures
  Frances (D:13)
  An orc warlord (D:12)
  Snorg (D:10)
  A boulder beetle (D:12)
  4 centaur warriors (D:13)
  A death knight (D:13)
  3 two-headed ogres
  A tengu warrior (D:14)
  An orc high priest (D:12)
  13 skeletal warriors
  A phantasmal warrior (D:13)
  Pikel (D:6)
  7 deep elf pyromancers
  2 deep elf zephyrmancers (D:12)
  3 ugly things (D:13)
  An orc sorcerer (D:12)
  2 cyclopes
  2 manticores
  8 slime creatures
  Maurice (D:10)
  5 centaur zombies
  A gargoyle (D:14)
  Maggie (D:6)
  4 unseen horrors
  Psyche (D:9)
  A freezing wraith (D:13)
  3 trolls
  Grinder (D:4)
  Sigmund (D:6)
  20 yaks
  A shadow (D:11)
  3 wraiths
  A wyvern (D:10)
  Edmund (D:4)
  9 vampire mosquitoes
  2 acid dragons
  2 water moccasins
  9 orc warriors
  2 black bears
  2 sky beasts (D:7)
  2 necrophages
  8 ogres
  13 centaurs
  3 wolves (D:8)
  A phantom (D:6)
  3 kobold brigands
  Blork the orc (D:6)
  2 gnoll sergeants
  5 bullfrogs
  2 scorpions
  9 killer bees
  7 electric eels
  6 howler monkeys
  A bullfrog zombie (D:7)
  6 hounds
  2 jellies
  13 orc priests
  A bullfrog skeleton (D:7)
  Jessica (D:2)
  Natasha (thrice) (D:2)
  2 iguanas
  Ijyb (D:3)
  10 orc wizards
  Terence (D:3)
  A hound skeleton (D:5)
  Robin (D:4)
  2 howler monkey zombies
  8 gnolls
  2 howler monkey skeletons
  5 adders
  A white imp (D:8)
  An ufetubus (D:5)
  A worm (D:3)
  2 dart slugs
  59 orcs
  5 ball pythons
  3 bats
  3 endoplasms
  A giant cockroach (D:1)
  10 hobgoblins
  17 jackals
  2 quokkas
  2 frilled lizards
  12 goblins
  22 kobolds
  4 rats
  A bush (D:8)
393 creatures vanquished.

Vanquished Creatures (others)
  2 deep elf zephyrmancers (D:12)
  A centaur (D:12)
  An orc wizard (D:9)
  3 plants (D:1)
7 creatures vanquished.

Grand Total: 400 creatures vanquished

Notes
Turn   | Place    | Note
-------+----------+-------------------------------------------
     0 | D:1      | DarkShadow the Minotaur Fighter began the quest for the
                  | Orb.
     0 | D:1      | Reached XP level 1. HP: 19/19 MP: 0/0
   431 | D:1      | Identified the Incunabulum of the Gnat
   464 | D:1      | Found a faded altar of an unknown god.
   468 | D:1      | Reached XP level 2. HP: 27/27 MP: 1/1
  1039 | D:2      | Found Nushad's Armour Shoppe.
  1039 | D:2      | Noticed Natasha
  1048 | D:2      | Killed Natasha
  1049 | D:2      | Reached XP level 3. HP: 25/34 MP: 2/2
  1114 | D:2      | Noticed Natasha
  1124 | D:2      | Killed Natasha
  1125 | D:2      | Reached skill level 3 in Axes
  1125 | D:2      | Reached XP level 4. HP: 20/41 MP: 3/3
  1419 | D:2      | Noticed Jessica
  1433 | D:2      | Killed Jessica
  1689 | D:2      | Noticed Natasha
  1697 | D:2      | Killed Natasha
  1698 | D:2      | Reached skill level 4 in Axes
  1698 | D:2      | Reached XP level 5. HP: 41/47 MP: 4/4
  2038 | D:3      | Found a burning altar of Makhleb.
  2091 | D:2      | Reached skill level 1 in Dodging
  2120 | D:3      | Reached skill level 5 in Shields
  2306 | D:3      | Noticed Ijyb
  2310 | D:3      | Paralysed by Ijyb for 5 turns
  2317 | D:3      | Paralysed by Ijyb for 3 turns
  2321 | D:3      | Paralysed by Ijyb for 5 turns
  2328 | D:3      | Killed Ijyb
  2572 | D:3      | Noticed Terence
  2573 | D:3      | Reached XP level 6. HP: 47/53 MP: 5/5
  2579 | D:3      | Killed Terence
  2695 | D:3      | Found a shimmering blue altar of Sif Muna.
  2802 | D:3      | Found a radiant altar of Vehumet.
  3032 | D:4      | Noticed Robin
  3045 | D:4      | Killed Robin
  3349 | D:4      | Reached skill level 5 in Axes
  3563 | D:4      | Noticed Grinder
  3565 | D:4      | Paralysed by Grinder for 5 turns
  3619 | D:4      | Paralysed by Grinder for 2 turns
  3620 | D:4      | HP: 2/55 [Grinder (6)]
  3625 | D:4      | Killed Grinder
  3626 | D:4      | Reached skill level 5 in Fighting
  3626 | D:4      | Reached skill level 6 in Axes
  3626 | D:4      | Reached skill level 5 in Armour
  3626 | D:4      | Reached XP level 7. HP: 3/61 MP: 6/6
  4370 | D:4      | Noticed Edmund
  4378 | D:4      | Killed Edmund
  4379 | D:4      | Reached skill level 7 in Axes
  4755 | D:4      | Reached XP level 8. HP: 69/69 MP: 7/7
  4932 | D:5      | Entered Level 5 of the Dungeon
  5867 | D:5      | Reached skill level 1 in Stealth
  5887 | D:5      | Reached skill level 8 in Axes
  6464 | D:6      | Noticed Sigmund
  6474 | D:6      | Killed Sigmund
  6486 | D:6      | Reached skill level 9 in Axes
  6486 | D:6      | Reached XP level 9. HP: 69/78 MP: 8/8
  6495 | D:6      | Identified a scroll of acquirement
  6495 | D:6      | Acquired the amulet "Taexaraf" {+Blink Fly rN++ Regen+
                  | Int-2}
  6507 | D:6      | Found a sacrificial altar of Ru.
  6528 | D:6      | Noticed Maggie
  6540 | D:6      | Killed Maggie
  6720 | D:6      | Found a staircase to the Ecumenical Temple.
  6752 | Temple   | Entered the Ecumenical Temple
  7104 | D:6      | Noticed Pikel
  7123 | D:6      | Killed Pikel
  7124 | D:6      | Reached skill level 10 in Axes
  7154 | D:6      | Noticed Blork the orc
  7160 | D:6      | Killed Blork the orc
  7283 | D:6      | Found a shimmering altar of Xom.
  7354 | D:6      | Found a bloodstained altar of Trog.
  7732 | D:7      | Reached XP level 10. HP: 82/86 MP: 9/9
  7789 | D:7      | Reached skill level 11 in Axes
  8186 | D:7      | Found a stormy altar of Qazlal.
  8623 | D:7      | Reached skill level 12 in Axes
  8989 | D:2      | Bought a +2 cloak of willpower for 236 gold pieces
  9253 | D:8      | Reached skill level 5 in Dodging
  9428 | D:8      | Found the +4 moon troll leather armour {Spirit, Regen++
                  | MP+5}
  9704 | D:8      | Found Qoeqodeni's Antique Weapon Emporium.
  9959 | D:8      | Identified the ring "Aficacs" {Ice Fly rElec rPois}
 10074 | D:8      | Found a staircase to the Lair.
 10381 | D:9      | Found a staircase to the Orcish Mines.
 10410 | D:9      | Noticed Psyche
 10438 | D:9      | Killed Psyche
 10546 | D:9      | Found a hazy altar of Hepliaklqana.
 10658 | D:9      | Found an opulent altar of Gozag.
 10665 | D:9      | Found a blossoming altar of Fedhas.
 10671 | D:9      | Found a broken altar of Ashenzari.
 10703 | D:9      | Reached XP level 11. HP: 95/95 MP: 10/10
 11048 | D:10     | Entered Level 10 of the Dungeon
 11048 | D:10     | Noticed Snorg
 11073 | D:9      | Reached skill level 13 in Axes
 11109 | D:10     | Killed Snorg
 11110 | D:10     | Reached skill level 10 in Shields
 11291 | D:10     | Noticed Maurice
 11329 | D:10     | Killed Maurice
 11981 | D:10     | Found a white marble altar of Elyvilon.
 12036 | D:11     | Found a hide-covered altar of Uskayaw.
 12100 | D:11     | Reached skill level 14 in Axes
 12257 | D:11     | Noticed a two-headed ogre
 12290 | D:11     | Killed a two-headed ogre
 12291 | D:11     | Reached XP level 12. HP: 77/106 MP: 9/11
 12946 | D:12     | Found a transporter.
 12952 | D:12     | Noticed an orc warlord
 12952 | D:12     | Noticed an orc high priest
 12954 | D:12     | Found a transporter.
 13006 | D:12     | Reached skill level 10 in Fighting
 13109 | D:12     | Killed an orc warlord
 13124 | D:12     | Killed an orc high priest
 13135 | D:12     | Reached skill level 15 in Axes
 13177 | D:12     | Identified the +1 helmet "Ywit" {rPois}
 13187 | D:12     | Identified the Papyrus of Snow and Clay
 13400 | D:12     | Noticed a boulder beetle
 13450 | D:12     | Killed a boulder beetle
 14073 | D:12     | Noticed a two-headed ogre
 14082 | D:12     | Killed a two-headed ogre
 14277 | D:13     | Noticed a centaur warrior
 14299 | D:13     | Killed a centaur warrior
 14367 | D:13     | Noticed a death knight
 14368 | D:13     | Noticed Frances
 14372 | D:13     | Noticed a centaur warrior
 14504 | D:13     | Reached XP level 13. HP: 111/116 MP: 12/12
 14682 | D:13     | Reached skill level 16 in Axes
 15396 | D:13     | Killed Frances
 15594 | D:13     | Reached skill level 10 in Dodging
 16656 | D:14     | HP: 5/119 [17-headed hydra (10)]
 16659 | D:14     | Slain by a 17-headed hydra

Illustrated notes

Levels and vault maps discovered:
D:1:      grunt_arrival_crossed_arrows, layout_basic,
          ebering_ecumenical_altar_mist, serial_forest,
          infiniplex_forest_clump_diagonal, infiniplex_forest_lined_1,
          infiniplex_forest_straight_3, infiniplex_forest_join,
          infiniplex_forest_clump_cross
D:2:      layout_rooms, serial_shops, nicolae_shop_competitors_out_of_business,
          nrook_campfire, minmay_pentomino_x2, uniq_jessica, uniq_natasha
D:3:      layout_rooms, lemuel_doored_altar, overflow_temple_1_default,
          lemuel_round_altar, uniq_ijyb, uniq_terence
D:4:      layout_loops_corners, uniq_robin, uniq_grinder, uniq_edmund
D:5:      layout_basic
D:6:      layout_basic, lemuel_tele_altar, nicolae_ru_sacrificial_ziggurat,
          marbit_many_paths, minmay_temple_entry_drinking_statues, uniq_pikel,
          uniq_sigmund, uniq_blork_the_orc, uniq_maggie
D:7:      layout_layer_cave, nicolae_qazlal_scattered_showers,
          minmay_manual_mess
D:8:      layout_gridville, erik_lair_island, serial_shops, shop,
          minmay_hedge_maze
D:9:      layout_rooms, amcnicky_altar_gilded, nicolae_overflow_hidden_temple,
          grunt_temple_overflow_open, hiddenorc2_lemuel, uniq_psyche
D:10:     layout_roguey, general_overflow_altar, minmay_diced_spiral,
          uniq_maurice, uniq_snorg
D:11:     layout_roguey, chequers_serial_rivers_large_a,
          nicolae_uskayaw_murder_on_the_dancefloor
D:12:     gammafunk_beogh_shrine, layout_loops_ring, gauntlet_entry_generic,
          elves_outpost_lemuel
D:13:     layout_gridville, small_statue_alley_a, uniq_frances
D:14:     layout_loops_ring, lightli_vaults_fourway_checkpoint,
          infiniplex_staircase_zigzag_2, uniq_azrael
Temple:   pf_slime_end_temple

Skill      XL: |  1  2  3  4  5  6  7  8  9 10 11 12 13 |
---------------+----------------------------------------+-----
Fighting       | 4 5 6 7 8 9 11 12 | 12.5
Armour         | 4 5 6 7 8 9 |  9.1
Shields        | 4 5 6 7 8 9 10 12 13 | 13.6
Axes           | 3 4 6 7 9 10 12 14 15 16 | 16.6
Dodging        | 1 2 4 5 7 8 10 | 10.4
Stealth        | 1 2 3 |  3.7
Evocations     | |  0.1

Action                   |  1- 3 |  4- 6 |  7- 9 | 10-12 | 13-15 || total
-------------------------+-------+-------+-------+-------+-------++-------
Melee: War axe           |    39 |   165 |   221 |   823 |   349 ||  1597
       Headbutt          |     5 |    29 |    46 |   209 |   111 ||   400
 Abil: Evoke Blink       |       |       |       |     1 |       ||     1
  Use: Scroll            |       |    10 |     5 |     9 |       ||    24
       Potion            |       |       |     1 |     4 |     1 ||     6
 Stab: Sleeping          |       |       |     1 |     1 |     3 ||     5
Armor: Scale mail        |    21 |    89 |    25 |       |       ||   135
       Acid dragon scale |       |       |    35 |       |       ||    35
       Swamp dragon scal |       |       |    46 |    93 |       ||   139
       Troll leather arm |       |       |       |   305 |   137 ||   442
Dodge: Dodged            |    22 |    70 |    70 |   365 |   169 ||   696
Block: Kite shield       |    20 |   107 |   133 |   577 |   243 ||  1080

Table legend: (Time is in decaauts)
 A = Elapsed time spent in this place.
 B = Non-inter-level travel time spent in this place.
 C = Inter-level travel time spent in this place.
 D = Time resting spent in this place.
 E = Time spent auto-exploring this place.
 F = Levels seen in this place.
 G = Mean time per level.
                   A        B        C        D        E       F      G
               +--------+--------+--------+--------+--------+-----+--------+
         Total |  16683 |  16363 |    320 |   3223 |   7533 |  15 | 1112.2 |
       Dungeon |  16428 |  16108 |    320 |   3210 |   7393 |  14 | 1173.4 |
        Temple |    254 |    254 |      0 |     13 |    140 |   1 |  254.0 |
               +--------+--------+--------+--------+--------+-----+--------+

Top non-repeatable levels by time:
     D:4: 2232 daAuts
    D:13: 1829 daAuts
     D:7: 1482 daAuts
     D:5: 1325 daAuts
     D:2: 1288 daAuts
    D:12: 1260 daAuts
     D:8: 1143 daAuts
     D:1: 1054 daAuts
    D:11: 919 daAuts
    D:10: 911 daAuts
     D:3: 892 daAuts
     D:6: 844 daAuts
     D:9: 741 daAuts
    D:14: 504 daAuts
  Temple: 254 daAuts
